 Dungeon Crawl Stone Soup version 0.21.1-1-g345015f (webtiles) character file.

58 manyhoops the Skirmisher (level 4, -3/38 HPs)
             Began as a Gnoll Wanderer on Feb 13, 2018.
             Slain by Sigmund
             ... wielding a +0 scythe
              (14 damage)
             ... on level 2 of the Dungeon on Mar 18, 2018.
             The game lasted 00:05:13 (3017 turns).

manyhoops the Skirmisher (Gnoll Wanderer)           Turns: 3017, Time: 00:05:13

Health: -3/38      AC:  5    Str: 15    XL:     4   Next: 2%
Magic:  5/8        EV: 11    Int: 14    God:
Gold:   146        SH:  5    Dex: 15    Spells: 2/8 levels left

rFire    . . .     SeeInvis .   q - +1 dagger (drain)
rCold    . . .     Gourm    .   c - +0 buckler
rNeg     . . .     Faith    .   d - +0 robe
rPois    +         Spirit   .   (no helmet)
rElec    .         Reflect  .   h - +2 cloak
rCorr    .         Harm     .   (no gloves)
MR       .....                  (no boots)
Stlth    ++........             (no amulet)
HPRegen  0.12/turn              l - ring of poison resistance
MPRegen  0.11/turn              (no ring)

@: about to teleport, very slightly contaminated
A: distributed training, fangs 1, strong nose
a: no special abilities


You were on level 2 of the Dungeon.
You were hungry.

You visited 1 branch of the dungeon, and saw 2 of its levels.

You collected 146 gold pieces.

Inventory:

Hand Weapons
 q - a +1 dagger of draining (weapon)
Armour
 c - a +0 buckler (worn)
 d - a +0 robe (worn)
 h - a +2 cloak (worn)
Jewellery
 l - a ring of poison resistance (left hand)
Scrolls
 b - 2 scrolls of teleportation
 g - a scroll of noise
 i - a scroll of fear
 j - a scroll of fog
 k - a scroll of enchant weapon {unknown}
 m - a scroll of remove curse
 o - a scroll of enchant armour {unknown}
 p - a scroll of magic mapping {unknown}
 r - 3 scrolls of identify
 s - a scroll of amnesia {unknown}
Potions
 e - a potion of curing
 n - a potion of flight
Books
 a - a book of Minor Magic

   Spells                             Type                      Level
   a - Magic Dart                     Conjuration                  1
   b - Blink                          Translocation                2
   c - Call Imp                       Summoning                    2
   d - Slow                           Hexes                        2
   e - Conjure Flame                  Conjuration/Fire             3
   f - Mephitic Cloud                 Conjuration/Poison/Air       3
Comestibles
 f - 4 rations


   Skills:
 + Level 4.6 Fighting
 + Level 1.0 Short Blades
 + Level 1.0 Long Blades
 + Level 1.0 Axes
 + Level 1.0 Maces & Flails
 + Level 1.0 Polearms
 + Level 1.0 Staves
 + Level 1.0 Slings
 + Level 1.0 Bows
 + Level 1.0 Crossbows
 + Level 1.0 Throwing
 + Level 1.0 Armour
 + Level 1.0 Dodging
 + Level 2.4 Stealth
 + Level 2.6 Shields
 + Level 1.0 Unarmed Combat
 + Level 2.9 Spellcasting
 + Level 0.7 Conjurations
 + Level 0.7 Hexes
 + Level 0.7 Charms
 + Level 0.7 Summonings
 + Level 0.7 Necromancy
 + Level 3.8 Translocations
 + Level 3.8 Transmutations
 + Level 0.7 Fire Magic
 + Level 0.7 Ice Magic
 + Level 0.7 Air Magic
 + Level 0.7 Earth Magic
 + Level 0.7 Poison Magic
 + Level 1.0 Invocations
 + Level 2.6 Evocations


You had 2 spell levels left.
You knew the following spells:

 Your Spells              Type           Power        Failure   Level  Hunger
a - Magic Dart            Conj           #...         19%         1    #......
b - Blink                 Tloc           N/A          9%          2    ##.....
c - Conjure Flame         Conj/Fire      #.......     50%         3    ###....


Dungeon Overview and Level Annotations

Branches:
Dungeon (2/15)

Altars:
Hepliaklqana

Annotations:
D:2 Sigmund


Innate Abilities, Weirdness & Mutations

Your experience applies equally to all skills.
You have very sharp teeth.
Your uncanny sense of smell can sniff out nearby items.


Message History

You are confused.
You're too confused to move!
A puff of flame appears from out of thin air!
The puff of flame hits you! Something hits you.
You feel less confused.
You hear some strange, mumbled words.
You are confused.
Something hits you!
* * * LOW HITPOINT WARNING * * *
You're too confused to move!
Something hits you.
* * * LOW HITPOINT WARNING * * *
You're too confused!
Okay, then.
It was a potion of curing.
You feel better. Something hits you.
* * * LOW HITPOINT WARNING * * *
As you read the scroll of teleportation, it crumbles to dust.
You feel strangely unstable. Something hits you!
You die...

#.......##...#..##.#.......
###
#............##.##.#.......
..#
..............###..#'#.......
..# ...###'##.....#
#........####
..#....###'##.....#
#........#
..#....(........###
#........# ..# ...........#
#...>....# ..# #..........###
#........# ..# #..........@.#
####'##### ..# #..........#.#
#.###### '### #..........#.#
#......# ...#
#..........#.######.####.#
)..#
#..........#...........#.#
...#
#....._....##########.##.#
'### ###.....(. #.##.# .#
####.### #.##.# .# #.##.#


There were no monsters in sight!

Vanquished Creatures
  4 adders
  A dart slug (D:1)
  A leopard gecko (D:2)
  2 goblins (D:2)
  A quokka (D:2)
  3 bats
  2 frilled lizards (D:2)
  6 kobolds
  2 rats (D:2)
22 creatures vanquished.

Notes
Turn   | Place    | Note
-------+----------+-------------------------------------------
     0 | D:1      | manyhoops the Gnoll Wanderer began the quest for the Orb.
     0 | D:1      | manyhoops set off with: a book of Minor Magic, a scroll of teleportation, a +0 buckler, a +0 robe, a +0 dagger, a ration
     0 | D:1      | Reached XP level 1. HP: 20/20 MP: 4/4
     2 | D:1      | Learned a level 1 spell: Magic Dart
  1010 | D:1      | Reached XP level 2. HP: 18/26 MP: 1/5
  1533 | D:2      | Noticed Sigmund
  1566 | D:2      | HP: 1/26 [something (12)]
  2060 | D:2      | Learned a level 2 spell: Blink
  2134 | D:2      | Reached XP level 3. HP: 21/31 MP: 1/7
  2554 | D:1      | Learned a level 3 spell: Conjure Flame
  2703 | D:2      | Reached skill level 1 in Invocations
  2817 | D:2      | Reached skill level 1 in Short Blades
  2817 | D:2      | Reached skill level 1 in Long Blades
  2817 | D:2      | Reached skill level 1 in Axes
  2817 | D:2      | Reached skill level 1 in Maces & Flails
  2817 | D:2      | Reached skill level 1 in Polearms
  2817 | D:2      | Reached skill level 1 in Staves
  2817 | D:2      | Reached skill level 1 in Slings
  2817 | D:2      | Reached skill level 1 in Bows
  2817 | D:2      | Reached skill level 1 in Crossbows
  2817 | D:2      | Reached skill level 1 in Throwing
  2817 | D:2      | Reached skill level 1 in Armour
  2817 | D:2      | Reached skill level 1 in Dodging
  2817 | D:2      | Reached skill level 1 in Unarmed Combat
  2836 | D:2      | Reached XP level 4. HP: 33/38 MP: 4/8
  2915 | D:2      | Found a hazy altar of Hepliaklqana.
  3017 | D:2      | Slain by Sigmund

Skill      XL: |  1  2  3 |
---------------+----------+-----
Invocations    | 1 |  1.0
Short Blades   | 1 |  1.0
Long Blades    | 1 |  1.0
Axes           | 1 |  1.0
Maces & Flails | 1 |  1.0
Polearms       | 1 |  1.0
Staves         | 1 |  1.0
Slings         | 1 |  1.0
Bows           | 1 |  1.0
Crossbows      | 1 |  1.0
Throwing       | 1 |  1.0
Armour         | 1 |  1.0
Dodging        | 1 |  1.0
Unarmed Combat | 1 |  1.0
Fighting       | |  4.6
Stealth        | |  2.4
Shields        | |  2.6
Spellcasting   | |  2.9
Conjurations   | |  0.7
Hexes          | |  0.7
Charms         | |  0.7
Summonings     | |  0.7
Necromancy     | |  0.7
Translocations | |  3.8
Transmutations | |  3.8
Fire Magic     | |  0.7
Ice Magic      | |  0.7
Air Magic      | |  0.7
Earth Magic    | |  0.7
Poison Magic   | |  0.7
Evocations     | |  2.6

Action                   |  1- 3 |  4- 6 || total
-------------------------+-------+-------++-------
Melee: Dagger            |    71 |     6 ||    77
       Bite              |     6 |       ||     6
 Cast: Magic Dart        |    49 |     5 ||    54
  Use: Scroll            |     5 |     1 ||     6
       Potion            |       |     1 ||     1
 Stab: Sleeping          |     1 |       ||     1
  Eat: Ration            |     1 |       ||     1
       Chunk             |     3 |       ||     3
Armor: Robe              |    29 |     2 ||    31
Dodge: Dodged            |    53 |     5 ||    58
Block: Buckler           |    23 |     4 ||    27
